 Dungeon Crawl Stone Soup version 0.25-a0-110-ge29c8f2358 (webtiles) character file.

Game seed: 8560261684086128338, levelgen mode: deterministic

5 floatRand the Ducker (level 1, 0/11 HPs)
             Began as a Spriggan Berserker on Nov 19, 2019.
             Was a Follower of Trog.
             Slain by a bat (1 damage)
             ... on level 1 of the Dungeon.
             The game lasted 00:00:25 (95 turns).

floatRand the Ducker (Spriggan Berserker)             Turns: 95, Time: 00:00:26

Health: 0/11       AC:  2    Str: 13    XL:     1   Next: 66%
Magic:  2/2        EV: 19    Int:  8    God:    Trog [*.....]
Gold:   4          SH:  0    Dex: 15    Spells: 0/0 levels left

rFire    . . .     SeeInvis +   a - +0 short sword
rCold    . . .     Gourm    .   (shield restricted)
rNeg     . . .     Faith    .   b - +0 animal skin
rPois    .         Spirit   .   (helmet restricted)
rElec    .         Reflect  .   (no cloak)
rCorr    .         Harm     .   (gloves unavailable)
MR       .....                  (boots unavailable)
Stlth    ++........             (no amulet)
HPRegen  0.03/turn              (no ring)
MPRegen  0.08/turn              (no ring)

@: very quick
A: very small, unfitting armour, see invisible, herbivore, speed 3, slow
metabolism 2
a: Berserk, Renounce Religion


You were on level 1 of the Dungeon.
You worshipped Trog.
Trog was aware of your devotion.
You were not hungry.

You visited 1 branch of the dungeon, and saw 1 of its levels.

You collected 4 gold pieces.

Inventory:

Hand Weapons
 a - a +0 short sword (weapon)
Armour
 b - a +0 animal skin (worn)
Jewellery
 d - a cursed -3 ring of slaying {unknown}
Potions
 e - a potion of heal wounds {unknown}
Comestibles
 c - a ration


   Skills:
 - Level 2.4 Fighting
 + Level 3.4 Short Blades
 - Level 4.4 Dodging
 * Level 1.7 Stealth


You couldn't memorise any spells.
You didn't know any spells.
Your spell library was empty.

Dungeon Overview and Level Annotations

Branches:
Dungeon (1/15)

Altars:


Innate Abilities, Weirdness & Mutations

You are very small and have problems with some larger weapons.
You are too small for most types of armour.
You have supernaturally acute eyesight. (SInv)
You are a herbivore.
You cover ground extremely quickly.
You need to consume almost no food.


Message History

The hobgoblin hits you with a +0 club.
* * * LOW HITPOINT WARNING * * *
You hit the hobgoblin.
You kill the hobgoblin!
Trog accepts your kill.
Things that are here:
a +0 club; a hobgoblin corpse A bat comes into view.
The bat barely misses you.
Things that are here:
a +0 club; a hobgoblin corpse You barely miss the bat.
The bat completely misses you.
You hit the bat.
The bat is moderately wounded.
The bat barely misses you.
You barely miss the bat.
The bat is moderately wounded.
The bat hits you but does no damage. The bat hits you.
You die...

.... ##### .... #...
...# #########+#.# #..#
#...........# #..#
#...........# #..#
.#......)....#####..####
......b@..#.l....l......
..........##.#####..##..
..........##..# #...#
..........###.###...# #+
..........# #.K##...###.
..........# ##.##...##((
....%.....####..#l..##.(
....................#...
##.#####.....#(((


You could see a bat.

Vanquished Creatures
  A dart slug (D:1)
  A goblin (D:1)
  A hobgoblin (D:1)
3 creatures vanquished.

Notes
Turn   | Place    | Note
-------+----------+-------------------------------------------
     0 | D:1      | floatRand the Spriggan Berserker began the quest for the
                  | Orb.
     0 | D:1      | Reached XP level 1. HP: 11/11 MP: 2/2
    14 | D:1      | Reached skill level 1 in Stealth
    95 | D:1      | Slain by a bat

Levels and vault maps discovered:
D:1:      minmay_arrival_shattered_statue, layout_basic,
          hangedman_feature_mirror

Skill      XL: |  1 |
---------------+----+-----
Stealth        | 1 |  1.7
Fighting       | |  2.4
Short Blades   | |  3.4
Dodging        | |  4.4

Action                   || total
-------------------------++-------
Melee: Short sword       ||    19
Armor: Animal skin       ||     2
Dodge: Dodged            ||    17

Table legend:
 A = Non-vault XP
 B = Vault XP
 C = Vault XP percentage of total XP
 D = Non-vault monster count
 E = Vault monster count
 F = Vault count percentage of total count
                 A         B        C        D         E       F
            +---------+---------+-------+---------+---------+-------
      Total |       8 |       0 |   0.0 |       3 |       0 |   0.0
            +---------+---------+-------+---------+---------+-------
        D:1 |       8 |       0 |   0.0 |       3 |       0 |   0.0
            +---------+---------+-------+---------+---------+-------
